 Dungeon Crawl Stone Soup version 0.22.1-2-g9c5b331383 (webtiles) character file.

101 Descartes the Insei (level 4, 0/21 HPs)
             Began as a Vine Stalker Transmuter on Dec 24, 2018.
             Succumbed to an adder's poison
             ... on level 3 of the Dungeon.
             The game lasted 00:05:17 (2291 turns).

Descartes the Insei (Vine Stalker Transmuter)       Turns: 2291, Time: 00:05:17

Health: 0/21       AC:  3    Str: 13    XL:     4   Next: 75%
Magic:  1/8        EV: 12    Int: 14    God:
Gold:   94         SH:  0    Dex: 14    Spells: 4/7 levels left

rFire    + . .     SeeInvis .     - Unarmed
rCold    + . .     Gourm    .   (no shield)
rNeg     . . .     Faith    +   o - +0 leather armour
rPois    .         Spirit   +   (no helmet)
rElec    .         Reflect  .   g - scarf {rC+ rF+}
rCorr    .         Harm     .   (no gloves)
MR       .....                  (no boots)
Stlth    +.........             p - amulet of faith (curse)
HPRegen  0.47/turn              (no ring)
MPRegen  0.11/turn              (no ring)

@: lethally poisoned (0 -> -3)
A: fangs 2, regeneration 1, magic shield, antimagic bite, no potion heal 3, rot
immunity
a: no special abilities


You were on level 3 of the Dungeon.
You were hungry.

You visited 1 branch of the dungeon, and saw 3 of its levels.

You collected 94 gold pieces.

Inventory:

Missiles
 a - 44 arrows
 n - 6 steel javelins (quivered)
Armour
 b - a +0 robe
 g - a scarf of resistance (worn)
 o - a +0 leather armour (worn)
Jewellery
 p - a cursed amulet of faith (around neck)
Scrolls
 e - a scroll of teleportation
 i - a scroll of fear
Potions
 f - 2 potions of curing {unknown}
 h - a potion of heal wounds {unknown}
 j - a potion of flight {unknown}
 k - 3 potions of brilliance {unknown}
 q - a potion of mutation {unknown}
Comestibles
 d - 6 rations
 m - 2 chunks of flesh


   Skills:
 - Level 0.8 Fighting
 + Level 2.3 Dodging
 * Level 4.3 Unarmed Combat
 - Level 2.1 Spellcasting
 + Level 2.8 Transmutations


You had 4 spell levels left.
You knew the following spells:

 Your Spells              Type           Power        Failure   Level  Hunger
a - Beastly Appendage     Tmut           #.....       9%          1    #......
b - Sticks to Snakes      Tmut           #.......     14%         2    ###....

Your spell library contained the following spells:

 Spells                   Type           Power        Failure   Level  Hunger
 Spider Form              Tmut/Pois      #.........   45%         3    ###....
 Ice Form                 Ice/Tmut       #.......     86%         4    #####..
 Blade Hands              Tmut           #.........   94%         5    ######.


Dungeon Overview and Level Annotations

Branches:
Dungeon (3/15)

Altars:
Makhleb
Trog


Innate Abilities, Weirdness & Mutations

You have extremely sharp teeth.
Your natural rate of healing is unusually fast.
When hurt, damage is shared between your health and your magic reserves.
Your bite disrupts and absorbs the magic of your enemies.
Potions cannot restore your health.
You are immune to rotting.


Message History

You are too injured to fight recklessly!
You barely miss the adder.
The adder is severely wounded.
You feel sick. The adder bites you.
* * * LOW HITPOINT WARNING * * *
You miss the adder.
The adder is severely wounded.
You feel sick. The adder bites you.
* * * LOW HITPOINT WARNING * * *
You are lethally poisoned!
The adder poisons you! The adder bites you.
* * * LOW HITPOINT WARNING * * *
You hit the adder but do no damage.
The adder is severely wounded.
* * * LOW HITPOINT WARNING * * *
You feel sick. The adder misses you.
You are feeling hungry.
You hit the adder.
You kill the adder!
You die...

#..,,,,+...>...#
#.####*#.......##
#.##.###........#
#.##.............
#.##.###.........
######.##.# ####+####.
#.........# #......
#.###.##### ######. *,*
#@# #. *,* #.# #. *,*
#.# ## *,* #.# # *,*
#.# # *,*
#.#**************# *,*
#..,,,,,,,**,,,,*# *,*
###******,**,,,,*#
**,***********,**,,,,*#


There were no monsters in sight!

Vanquished Creatures
  5 adders
  2 dart slugs
  3 leopard geckos
  3 ball pythons (D:2)
  9 bats
  A giant cockroach (D:1)
  5 goblins
  9 hobgoblins
  6 kobolds
  8 rats
51 creatures vanquished.

Notes
Turn   | Place    | Note
-------+----------+-------------------------------------------
     0 | D:1      | Descartes the Vine Stalker Transmuter began the quest for
                  | the Orb.
     0 | D:1      | Reached XP level 1. HP: 9/9 MP: 4/4
   203 | D:1      | Reached XP level 2. HP: 14/14 MP: 4/6
   210 | D:1      | Learned a level 2 spell: Sticks to Snakes
   539 | D:1      | Reached XP level 3. HP: 1/17 MP: 3/7
  1344 | D:2      | Found a burning altar of Makhleb.
  1345 | D:2      | Found a bloodstained altar of Trog.
  1663 | D:2      | Reached skill level 4 in Unarmed Combat
  1736 | D:2      | Gained mutation: Your natural rate of healing is unusually
                  | fast. [Vine Stalker growth]
  1736 | D:2      | Reached XP level 4. HP: 20/21 MP: 8/8
  2290 | D:3      | HP: 1/21 [poisoned by an adder]
  2291 | D:3      | Succumbed to an adder's poison

Skill      XL: |  1  2  3 |
---------------+----------+-----
Dodging        | 2 |  2.3
Unarmed Combat | 4 |  4.3
Fighting       | |  0.8
Spellcasting   | |  2.1
Transmutations | |  2.8

Action                   |  1- 3 |  4- 6 || total
-------------------------+-------+-------++-------
Melee: Unarmed           |   135 |    54 ||   189
       Bite              |    26 |     8 ||    34
       Punch             |     3 |     1 ||     4
  Use: Scroll            |     1 |     3 ||     4
 Stab: Sleeping          |     3 |       ||     3
  Eat: Chunk             |     2 |     2 ||     4
Armor: Robe              |    13 |    12 ||    25
       Leather armour    |       |     3 ||     3
Dodge: Dodged            |    95 |    29 ||   124
